 Dungeon Crawl Stone Soup version 0.17.1-1-g73c8601 (webtiles) character file.

57 Ahpoopa the Caller (level 3, 0/19 HPs)
             Began as a Deep Elf Summoner on Jan 4, 2016.
             Slain by a worker ant (7 damage)
             ... on level 4 of the Dungeon.
             The game lasted 00:21:41 (2085 turns).

Ahpoopa the Caller (Deep Elf Summoner)              Turns: 2085, Time: 00:21:41

Health: 0/19       AC:  2    Str:  5    XL:     3   Next: 73%
Magic:  5/10       EV: 11    Int: 20    God:
Gold:   186        SH:  0    Dex: 15    Spells: 2 memorised, 7 levels left

rFire  . . .     SeeInvis .     (no weapon)
rCold  + . .     Clarity  .     a - +0 robe
rNeg   . . .     SustAt   .     (no shield)
rPois  .         Gourm    .     (no helmet)
rElec  .         Spirit   .     (no cloak)
rCorr  .         Warding  .     (no gloves)
rMut   .         Stasis   .     (no boots)
MR     .....                    (no amulet)
Stlth  ++........               y - -2 ring of evasion (curse)
                                s - ring of protection from cold

@: lethally poisoned (0 -> -9), not resistant to hostile enchantments,
unstealthy
A: no striking features
a: no special abilities


You were on level 4 of the Dungeon.
You were not hungry.

You visited 1 branch of the dungeon, and saw 4 of its levels.

You collected 186 gold pieces.

Inventory:

Missiles
 g - 5 bolts of frost
Armour
 a - a +0 robe (worn)
Jewellery
 s - a ring of protection from cold (left hand)
 y - a cursed -2 ring of evasion (right hand)
Scrolls
 d - a scroll of teleportation {unknown}
 h - 2 scrolls of remove curse {unknown}
 k - a scroll of fog {unknown}
 l - 3 scrolls of identify {unknown}
 q - a scroll of amnesia {unknown}
 t - a scroll of magic mapping {unknown}
Potions
 e - 3 potions of agility {unknown}
 f - 2 potions of flight {unknown}
 j - 3 potions of heal wounds {unknown}
 m - a potion of invisibility {unknown}
 o - a potion of brilliance {unknown}
 p - a potion of degeneration {unknown}
 u - a potion of lignification {unknown}
 w - a potion of curing {unknown}
 x - a potion of ambrosia {unknown}
Books
 b - a book of Callings

   Spells                             Type                      Level
   a - Summon Small Mammal            Summoning                    1
   b - Call Imp                       Summoning                    2
   c - Call Canine Familiar           Summoning                    3
   d - Summon Guardian Golem          Hexes/Summoning              3
   e - Summon Lightning Spire         Summoning/Air                4
   f - Summon Ice Beast               Ice/Summoning                4
Comestibles
 c - 2 bread rations
 i - a slice of pizza
 n - a meat ration
 r - 2 beef jerkies
 v - a chunk of flesh


   Skills:
 - Level 2.4 Dodging
 * Level 3.4 Stealth
 + Level 4.0 Spellcasting
 + Level 5.0 Summonings


You had 7 spell levels left.
You knew the following spells:

 Your Spells              Type           Power        Failure   Level  Hunger
a - Summon Small Mammal   Summ           ###.         1%          1    None
b - Call Imp              Summ           ###.....     2%          2    #......


Dungeon Overview and Level Annotations

Branches:
Dungeon (4/15)
 Temple: D:4-7

Altars:
Okawaru


Message History

Your crimson imp blinks!
Casting: Call Imp
Confirm with . or Enter, or press ? or * to list all spells.
A beastly little devil appears in a puff of flame.
The worker ant barely misses you. The worker ant bites you.
You feel sick. The worker ant bites you.
You are lethally poisoned!
The worker ant poisons you!
Your crimson imp closely misses the worker ant.
Some of the chunks of flesh in your inventory have rotted away.
You swap places.
You feel sick.
Your crimson imp hits the worker ant.
The worker ant barely misses your crimson imp.
Your crimson imp hits the worker ant but does no damage.
You feel sick.
Your crimson imp blinks! x2
Casting: Call Imp
Confirm with . or Enter, or press ? or * to list all spells.
A beastly little devil appears in a puff of frigid air.
You feel sick. The worker ant bites you!
You die...

.## ..## #... #(.#
####.## ....5.##
##...####
#.a@....#########
###.#####(.<.......
#.5.# #...####...
#.### #..###
.................
....##.###...###.
## #. ..### #. .. #
. #.# ..


You could see a worker ant, a friendly crimson imp and a friendly white imp.

Vanquished Creatures (collateral kills)
  A centaur zombie (D:3)
  4 gnolls (D:2)
  An adder (D:2)
  An orc (D:3)
  3 goblins
  2 hobgoblins (D:2)
  4 kobolds
  2 bats
  A giant cockroach (D:3)
  A giant newt (D:2)
  A quokka (D:3)
  5 rats
26 creatures vanquished.

Notes
Turn   | Place    | Note
--------------------------------------------------------------
     0 | D:1      | Ahpoopa the Deep Elf Summoner began the quest for the Orb.
     0 | D:1      | Reached XP level 1. HP: 10/10 MP: 6/6
   934 | D:2      | Reached XP level 2. HP: 6/15 MP: 1/8
   964 | D:2      | Learned a level 2 spell: Call Imp
  1125 | D:2      | Reached XP level 3. HP: 19/19 MP: 7/10
  1788 | D:3      | Reached skill level 5 in Summonings
  1837 | D:3      | Found an iron altar of Okawaru.
  2085 | D:4      | Slain by a worker ant

Action                   || total
-------------------------++-------
Melee: Unarmed           ||     1
 Cast: Summon Small Mamm ||    38
       Call Imp          ||    19
  Eat: Chunk             ||     4
